 Dungeon Crawl Stone Soup version 0.28.0 (webtiles) character file.

Game seed: 15236931353902677915

137 catcat the Chopper (level 5, -4/47 HPs)
             Began as a Minotaur Fighter on July 26, 2022.
             Killed from afar by an orc wizard (10 damage)
             ... with a puff of flame
             ... on level 3 of the Dungeon.
             The game lasted 00:03:33 (2016 turns).

catcat the Chopper (Minotaur Fighter)               Turns: 2016, Time: 00:03:34

Health: -4/47      AC:  6    Str: 23    XL:     5   Next: 0%
Magic:  4/4        EV:  9    Int:  5    God:
Gold:   82         SH:  0    Dex:  9    Spells: 4/4 levels left

rFire   . . .      SeeInvis .   a - +0 war axe
rCold   . . .      Faith    .   c - +0 buckler
rNeg    . . .      Spirit   .   b - +0 scale mail
rPois   .          Reflect  .   (helmet restricted)
rElec   .          Harm     .   (no cloak)
rCorr   .          Rampage  .   (no gloves)
Will    .....                   (no boots)
Stlth   ..........              (no amulet)
HPRegen 0.15/turn               (no ring)
MPRegen 0.09/turn               (no ring)

@: confused, mighty
A: horns 2, retaliatory headbutt
a: no special abilities


You were on level 3 of the Dungeon.
You visited 1 branch of the dungeon, and saw 3 of its levels.

You collected 82 gold pieces.

Inventory:

Hand Weapons
 a - a +0 war axe (weapon)
Missiles
 i - 6 javelins (quivered)
Armour
 b - a +0 scale mail (worn)
 c - a +0 buckler (worn)
Jewellery
 l - a ring of fire
 m - an amulet of magic regeneration
Scrolls
 e - a scroll of identify {unknown}
 j - a scroll of magic mapping
 k - a scroll of enchant weapon {unknown}
 n - a scroll of teleportation
Potions
 f - a potion of heal wounds {unknown}
 g - a potion of curing {unknown}
 h - a potion of haste {unknown}


   Skills:
 + Level 4.9 Fighting
 * Level 5.1 Axes
 - Level 3.6 Armour
 - Level 0.2 Dodging
 - Level 4.0 Shields


You had 4 spell levels left.
You didn't know any spells.
Your spell library contained the following spells:

 Spells                   Type           Power      Damage    Failure   Level
 Animate Skeleton         Necr           0%         N/A       86%         1
 Pain                     Necr           0%         1d4       86%         1
 Sting                    Tmut/Pois      0%         1d3       86%         1
 Poisonous Vapours        Pois/Air       0%         N/A       95%         2
 Vampiric Draining        Necr           0%         2d6       99%         3
 Olgreb's Toxic Radiance  Pois           0%         N/A       100%        4


Dungeon Overview and Level Annotations

Branches:
Dungeon (3/15)

Altars:


Innate Abilities, Weirdness & Mutations

You have a pair of horns on your head.
You reflexively headbutt those who attack you in melee.


Message History

You barely miss the orc. You slash the bush! You hit the bush.
The orc hits you with a +2 falchion of flaming.
The orc burns you. Something hits you but does no damage.
The orc hits you with a +2 falchion of flaming.
The orc burns you.
You barely miss the orc. You hit the bush but do no damage. You hit the bush.
You barely miss something. Something hits you. You block the orc's attack.
You hit the orc but do no damage. Your headbutt misses the orc.
You hit the bush but do no damage. You completely miss the bush.
You miss something. Something hits you.
The orc hits you with a +2 falchion of flaming.
The orc burns you.
You feel very mighty all of a sudden.
You hear some strange, mumbled words.
A magic dart appears from out of thin air!
The magic dart hits you. The orc barely misses you.
You completely miss the orc. Your headbutt misses the orc. You hit the bush.
You slash the bush! You barely miss something.
Something hits you but does no damage.
The orc hits you with a +2 falchion of flaming.
* * * LOW HITPOINT WARNING * * *
The orc burns you.
* * * LOW HITPOINT WARNING * * *
You block something's attack. The orc closely misses you.
You slash the orc!
You kill the orc!
You hit something. You slash the bush! You hit the bush.
Something hits you but does no damage.
You have reached level 5!
You barely miss something. Your headbutt misses something.
You slash the bush! x2
You hear some strange, mumbled words.
You are confused.
Unknown command.
Something hits you.
* * * LOW HITPOINT WARNING * * *
Items here: )) [ †††.
You hear some strange, mumbled words.
A puff of flame appears from out of thin air!
The puff of flame hits you!
You die... ...... ...... ...... ...... ♣ ♣♣. ♣.♣♣ ....... ♣♣♣P.♣ ....... ♣PPPP♣

..l..# #..{@#
....##
##.)####.....#.
#...†..........
##.#...........
#...........#
###.........#
##.......##
##.....##
#######


There were no monsters in sight!

Vanquished Creatures
  A scorpion (D:2)
  3 adders (D:2)
  2 orcs (D:3)
  2 ball pythons
  5 endoplasms
  A giant cockroach (D:2)
  3 goblins
  5 hobgoblins
  15 jackals
  2 kobolds
  A quokka (D:2)
  2 bats (D:2)
  2 frilled lizards
44 creatures vanquished.

Notes
Turn   | Place    | Note
-------+----------+-------------------------------------------
     0 | D:1      | catcat the Minotaur Fighter began the quest for the Orb.
     0 | D:1      | Reached XP level 1. HP: 19/19 MP: 0/0
   248 | D:1      | You fall into a shaft and drop 1 floor!
   253 | D:2      | Reached XP level 2. HP: 22/27 MP: 1/1
   259 | D:2      | Reached skill level 3 in Axes
   444 | D:1      | Found a faded altar of an unknown god.
   895 | D:2      | Reached XP level 3. HP: 34/34 MP: 2/2
  1535 | D:2      | Noticed a scorpion
  1541 | D:2      | Killed a scorpion
  1542 | D:2      | Reached skill level 4 in Axes
  1542 | D:2      | Reached XP level 4. HP: 35/41 MP: 3/3
  1689 | D:2      | Reached skill level 5 in Axes
  2014 | D:3      | Reached XP level 5. HP: 6/47 MP: 4/4
  2016 | D:3      | Killed from afar by an orc wizard

Illustrated notes

Levels and vault maps discovered:
D:1:      lightli_arrival_flooded_house, layout_basic,
          hellmonk_ecumenical_altar_inner_sanctum
D:2:      layout_basic
D:3:      layout_rooms, uniq_crazy_yiuf_cottage

Skill      XL: |  1  2  3  4 |
---------------+-------------+-----
Shields        | 4 |  4.0
Fighting       | 4 |  4.9
Axes           | 3 4 5 |  5.1
Armour         | |  3.6
Dodging        | |  0.2

Action                   |  1- 3 |  4- 6 || total
-------------------------+-------+-------++-------
Melee: War axe           |    71 |    23 ||    94
       Headbutt          |     8 |     1 ||     9
Throw: Javelin           |     1 |       ||     1
  Use: Scroll            |       |     2 ||     2
       Potion            |       |     1 ||     1
Armor: Scale mail        |    36 |    13 ||    49
Dodge: Dodged            |    33 |    11 ||    44
Block: Buckler           |    23 |     9 ||    32
